 Dungeon Crawl Stone Soup version 0.23-a0-635-g88ca12a (webtiles) character file.

98 Firecrotchwizard the Chopper (level 4, -3/38 HPs)
             Began as a Hill Orc Gladiator on Dec 28, 2018.
             Killed from afar by an orc wizard (8 damage)
             ... with a puff of flame
             ... on level 3 of the Dungeon.
             The game lasted 00:04:02 (2436 turns).

Firecrotchwizard the Chopper (Hill Orc Gladiator)   Turns: 2436, Time: 00:04:03

Health: -3/38      AC: 10    Str: 17    XL:     4   Next: 71%
Magic:  4/4        EV:  7    Int:  8    God:
Gold:   181        SH:  0    Dex: 12    Spells: 3/3 levels left

rFire    . . .     SeeInvis .   a - +0 war axe
rCold    . . .     Gourm    .   (no shield)
rNeg     + . .     Faith    .   p - +0 chain mail
rPois    .         Spirit   .   c - +0 helmet
rElec    .         Reflect  .   (no cloak)
rCorr    .         Harm     .   (no gloves)
MR       .....                  o - +0 pair of boots
Stlth    ..........             (no amulet)
HPRegen  0.12/turn              i - ring of positive energy {rN+}
MPRegen  0.09/turn              (no ring)

@: confused
A: no striking features
a: no special abilities


You were on level 3 of the Dungeon.
You were not hungry.

You visited 1 branch of the dungeon, and saw 3 of its levels.

You collected 181 gold pieces.

Inventory:

Hand Weapons
 a - a +0 war axe (weapon)
Missiles
 d - 3 throwing nets {=f, !d}
Armour
 b - a +0 leather armour
 c - a +0 helmet (worn)
 m - a +0 ring mail
   (You found it on level 1 of the Dungeon)
 o - a +0 pair of boots (worn)
   (You found it on level 1 of the Dungeon)
 p - a +0 chain mail (worn)
   (You found it on level 2 of the Dungeon)
Jewellery
 i - a ring of positive energy (left hand) {rN+}
   (You found it on level 1 of the Dungeon)
 r - an uncursed ring of magical power {unknown}
   (You found it on level 3 of the Dungeon)
Scrolls
 e - a scroll of immolation {unknown}
 g - 4 scrolls of identify {unknown}
 h - a scroll of random uselessness {unknown}
 j - a scroll of blinking {unknown}
 n - 4 scrolls of teleportation {unknown}
 q - a scroll of remove curse {unknown}
Potions
 k - a potion of brilliance {unknown}
 l - 2 potions of agility {unknown}
 t - a potion of magic {unknown}
Comestibles
 f - 4 rations
 s - 4 chunks of flesh {@w0}


   Skills:
 + Level 3.5 Fighting
 * Level 5.7 Axes
 - Level 1.7 Throwing
 + Level 2.0 Armour
 - Level 2.4 Dodging


You had 3 spell levels left.
You didn't know any spells.
Your spell library was empty.

Dungeon Overview and Level Annotations

Branches:
Dungeon (3/15)

Altars:
Vehumet
Yredelemnul

Annotations:
D:3 2 transporters


Message History

An orc comes into view. It is wielding a +0 dagger.
The orc shouts!
You hear a shout!
An orc comes into view. It is wielding a +0 short sword.
An orc comes into view. It is wielding a -3 club.
The orc shouts!
The orc hits you but does no damage.
Your chain mail prevents you from hitting the orc.
You hit the orc but do no damage.
An orc wizard comes into view. It is wielding a +0 dagger.
The orc hits you but does no damage.
The orc wizard moves out of view.
Your chain mail prevents you from hitting the orc.
You hit the orc. The orc hits you but does no damage.
You closely miss the orc. You hit the orc but do no damage.
The orc completely misses you. The orc barely misses you.
Your chain mail prevents you from hitting the orc.
You hit the orc. The orc hits you but does no damage. x2
You barely miss the orc.
Your chain mail prevents you from hitting the orc.
The orc hits you but does no damage. x2
You slash the orc!
You kill the orc!
You closely miss the orc. The orc hits you but does no damage.
The orc closely misses you.
You completely miss the orc. You hit the orc but do no damage.
The orc hits you with a +0 dagger. The orc hits you with a +0 trident.
You take 7 damage, and have 31/38 hp.
You hit the orc but do no damage. You hit the orc.
You kill the orc!
Your Armour skill increases to level 2!
The orc closely misses you.
You slash the orc wizard! You hit the orc. The orc wizard casts a spell at you.
The puff of flame hits you! The orc hits you with a +0 trident.
The orc wizard hits you but does no damage.
You take 13 damage, and have 18/38 hp.
MASSIVE DAMAGE!!
You are too injured to fight recklessly!
You closely miss the orc wizard. You hit the orc.
You kill the orc!
The orc hits you but does no damage.
The orc wizard hits you but does no damage.
Items here: )) [ †† a +0 dagger; a cursed -3 club; a +0 scale mail; an orc corpse x2
You closely miss the orc. You miss the orc wizard.
The orc hits you but does no damage.
The orc wizard hits you but does no damage.
You hit the orc. You barely miss the orc wizard.
The orc hits you with a +0 short sword.
The orc wizard hits you but does no damage.
The orc hits you but does no damage.
You take 1 damage, and have 18/38 hp.
You slash the orc!
You kill the orc!
You hit the orc wizard. The orc wizard closely misses you.
You miss the orc wizard.
The orc wizard hits you but does no damage. x2
Your chain mail prevents you from hitting the orc wizard.
The orc wizard points at you and mumbles some strange words.
The puff of flame hits you!
* * * LOW HITPOINT WARNING * * *
You take 7 damage, and have 11/38 hp.
You closely miss the orc wizard. The orc wizard completely misses you.
Your chain mail prevents you from hitting the orc wizard.
The orc wizard gestures wildly while chanting.
The orc wizard flickers and vanishes!
Deactivating autopickup; reactivate with Ctrl-A.
You closely miss something.
Something hits you but does no damage. x2
You completely miss something. Something hits you but does no damage.
You miss something.
You hear some strange, mumbled words.
A puff of flame appears from out of thin air!
The puff of flame misses you.
You miss something. Something hits you but does no damage.
You barely miss something. Something hits you.
* * * LOW HITPOINT WARNING * * *
You take 2 damage, and have 10/38 hp.
You closely miss something.
You hear some strange, mumbled words.
A puff of flame appears from out of thin air!
The puff of flame hits you!
* * * LOW HITPOINT WARNING * * *
Something hits you but does no damage.
You take 3 damage, and have 7/38 hp.
You closely miss something.
You hear some strange, mumbled words.
A magic dart appears from out of thin air!
The magic dart hits you!
* * * LOW HITPOINT WARNING * * *
You take 2 damage, and have 5/38 hp.
You barely miss something.
You hear some strange, mumbled words.
You are confused.
You bump into the rock wall.
Something completely misses you.
You closely miss something.
You hear some strange, mumbled words.
You are more confused.
You hear some strange, mumbled words.
A puff of flame appears from out of thin air!
The puff of flame hits you!
You die...

######### #.......
###########.. ..#
#.....##.##.#...
####....)#...#.#.#
#....÷........{..#
#.##.....#...#)###.#
#.##.....##.##)@...#
#.#########.##.!$....#
##.## #.########...
....# #+# # .#..#
.#..# ....# ....#
.......


There were no monsters in sight!

Vanquished Creatures
  2 adders (D:2)
  2 worms
  2 dart slugs
  5 orcs (D:3)
  7 bats
  A giant cockroach (D:2)
  10 goblins
  8 hobgoblins
  5 jackals
  3 quokkas (D:2)
  3 frilled lizards (D:2)
  6 kobolds
  5 rats
  A spectral orc (D:2)
60 creatures vanquished.

Vanquished Creatures (others)
  A leopard gecko (D:2)
1 creature vanquished.

Grand Total: 61 creatures vanquished

Notes
Turn   | Place    | Note
-------+----------+-------------------------------------------
     0 | D:1      | Firecrotchwizard the Hill Orc Gladiator began the quest for
                  | the Orb.
     0 | D:1      | Reached XP level 1. HP: 18/18 MP: 1/1
   223 | D:1      | Reached XP level 2. HP: 25/25 MP: 2/2
   556 | D:1      | Reached skill level 1 in Armour
   844 | D:2      | Found a radiant altar of Vehumet.
  1060 | D:2      | Reached XP level 3. HP: 30/30 MP: 3/3
  1111 | D:2      | Reached skill level 3 in Fighting
  1140 | D:2      | Reached skill level 5 in Axes
  1347 | D:2      | Reached XP level 4. HP: 31/38 MP: 4/4
  1964 | D:2      | Found a basalt altar of Yredelemnul.
  2069 | D:3      | Found a transporter.
  2101 | D:3      | Found a transporter.
  2415 | D:3      | Reached skill level 2 in Armour
  2431 | D:3      | HP: 7/38 [something/puff of flame (4)]
  2436 | D:3      | Killed from afar by an orc wizard

Vault maps used:
D:1:      lightli_arrival_farm, kennysheep_another_room
D:2:      fiery_altar_vehumet, yredelemnul_forgotten_temple_becter,
          minmay_quadrilaterals
D:3:      gammafunk_steamed_eel

Skill      XL: |  1  2  3  4 |
---------------+-------------+-----
Armour         | 1 2 |  2.0
Fighting       | 3 |  3.5
Axes           | 5 |  5.7
Throwing       | |  1.7
Dodging        | |  2.4

Action                   |  1- 3 |  4- 6 || total
-------------------------+-------+-------++-------
Melee: War axe           |    93 |   105 ||   198
  Eat: Chunk             |     1 |     4 ||     5
Armor: Leather armour    |     7 |       ||     7
       Ring mail         |    39 |    14 ||    53
       Chain mail        |       |    51 ||    51
Dodge: Dodged            |    67 |    41 ||   108

Table legend:
 A = Non-vault XP
 B = Vault XP
 C = Vault XP percentage of total XP
 D = Non-vault monster count
 E = Vault monster count
 F = Vault count percentage of total count
                 A         B        C        D         E       F
            +---------+---------+-------+---------+---------+-------
      Total |     109 |      32 |  22.7 |      55 |       5 |   8.3
            +---------+---------+-------+---------+---------+-------
        D:1 |      26 |       0 |   0.0 |      15 |       0 |   0.0
        D:2 |      42 |      32 |  43.2 |      23 |       5 |  17.9
        D:3 |      41 |       0 |   0.0 |      17 |       0 |   0.0
            +---------+---------+-------+---------+---------+-------

Vault maps used:
D:1:      lightli_arrival_farm, kennysheep_another_room
D:2:      fiery_altar_vehumet, yredelemnul_forgotten_temple_becter,
          minmay_quadrilaterals
D:3:      gammafunk_steamed_eel

Table legend:
 A = Turns spent in this place as a percentage of turns spent in the entire game.
 B = Non-inter-level travel turns spent in this place as a percentage of non-inter-level travel turns spent in the entire game.
 C = Inter-level travel turns spent in this place as a percentage of turns spent in this place.
 D = Turns resting spent in this place as a percentage of non-inter-level travel turns spent in this place.
 E = Turns spent auto-exploring this place as a percentage of non-inter-level travel turns spent in this place.
 F = Non-inter-level travel turns spent in this place divided by the number of levels of this place that you've seen.
                   A       B       C       D       E      F
               +-------+-------+-------+-------+-------+----------------------
         Total | 100.0 | 100.0 |   4.7 |  13.1 |  69.0 | 774.0
       Dungeon | 100.0 | 100.0 |   4.7 |  13.1 |  69.0 | 774.0
               +-------+-------+-------+-------+-------+----------------------

Table legend:
 A = Kills in this place as a percentage of kills in entire the game.
 B = Kills by you in this place as a percentage of kills by you in the entire game.
 C = Kills by friends in this place as a percentage of kills by friends in the entire game.
 D = Other kills in this place as a percentage of other kills in the entire game.
 E = Experience gained in this place as a percentage of experience gained in the entire game.
 F = Experience gained in this place divided by the number of levels of this place that you have seen.
                   A       B       C       D       E      F
               +-------+-------+-------+-------+-------+----------------------
         Total | 100.0 | 100.0 |   N/A |   N/A | 100.0 |  47.0
       Dungeon | 100.0 | 100.0 |   N/A |   N/A | 100.0 |  47.0
               +-------+-------+-------+-------+-------+----------------------
